 Dungeon Crawl Stone Soup version 0.29.1-15-g9cfb28693d (webtiles) character file.

Game seed: 14624483181170570478

2790 cowcol the Cleaver (level 9, -4/79 HPs)
             Began as a Minotaur Fighter on Mar 11, 2023.
             Slain by an orc knight
             ... wielding a +0 war axe
              (20 damage)
             ... in a bailey.
             The game lasted 00:20:44 (10602 turns).

cowcol the Cleaver (Minotaur Fighter)              Turns: 10602, Time: 00:20:45

Health: -4/79      AC: 11    Str: 22    XL:     9   Next: 43%
Magic:  0/8        EV:  6    Int:  5    God:
Gold:   482        SH:  8    Dex: 13    Spells: 8/8 levels left

rFire   + . .      SeeInvis +   a - +0 war axe
rCold   + . .      Faith    .   w - +0 kite shield
rNeg    + . .      Spirit   +   C - +0 chain mail
rPois   .          Reflect  .   (helmet restricted)
rElec   +          Harm     .   (no cloak)
rCorr   .          Rampage  .   (no gloves)
Will    .....                   (no boots)
Stlth   ..........              r - amulet of guardian spirit
HPRegen 0.23/turn               n - ring of protection from cold
MPRegen 0.11/turn               B - ring of Salvation {rElec rF+ rN+ SInv}

@: no status effects
A: horns 2, retaliatory headbutt
a: no special abilities


You were in a bailey.
You visited 1 branch of the dungeon, and saw 7 of its levels.
You also visited: Bailey.

You collected 601 gold pieces.
You spent 119 gold pieces at shops.

Inventory:

Hand Weapons
 a - a +0 war axe (weapon)
 p - a +0 long sword
 G - a +0 scimitar of flaming
Missiles
 i - 2 curare-tipped darts
 j - 47 stones
 q - 10 poisoned darts (quivered)
 E - 3 boomerangs
Armour
 b - a +0 scale mail
 c - a +0 buckler
 s - a +0 plate armour
 u - a +0 ring mail
 w - a +0 kite shield (worn)
 A - a scarf of invisibility
 C - a +0 chain mail (worn)
 F - +0 steam dragon scales
Jewellery
 n - a ring of protection from cold (left hand)
 r - an amulet of guardian spirit (around neck)
 B - the ring of Salvation (right hand) {rElec rF+ rN+ SInv}
   (You found it on level 6 of the Dungeon)

   [ring of protection from fire]

   rF:        It protects you from fire.
   rElec:     It insulates you from electricity.
   rN:        It protects you from negative energy.
   SInv:      It lets you see invisible.
Wands
 z - a wand of iceblast (6)
Scrolls
 d - a scroll of enchant armour
 l - a scroll of magic mapping {unknown}
 m - a scroll of vulnerability
 v - 2 scrolls of immolation
 y - 2 scrolls of teleportation
Potions
 e - a potion of ambrosia
 f - a potion of mutation
 g - a potion of degeneration {unknown}
 h - 4 potions of curing
 k - 2 potions of attraction {unknown}
 o - a potion of brilliance {unknown}
 t - 2 potions of flight {unknown}
 x - a potion of cancellation {unknown}
 D - a potion of berserk rage {unknown}


   Skills:
 + Level 7.4 Fighting
 + Level 11.0 Axes
 - Level 2.0 Throwing
 + Level 9.6 Armour
 - Level 3.6 Shields


You had 8 spell levels left.
You didn't know any spells.
Your spell library contained the following spells:

 Spells                   Type           Power      Damage    Failure   Level
 Shock                    Conj/Air       0%         1d3       100%        1
 Swiftness                Air            0%         N/A       100%        3
 Airstrike                Air            0%         2d(0-16)  100%        4
 Hailstorm                Conj/Ice       0%         3d3       100%        4
 Ice Form                 Ice/Tmut       0%         N/A       100%        4
 Simulacrum               Ice/Necr       0%         N/A       100%        6


Dungeon Overview and Level Annotations

Branches:
Dungeon (7/15)             Temple (0/1) D:7          Bailey (1/1)

Altars:
Ashenzari
Cheibriados
Elyvilon
Fedhas
Makhleb
Yredelemnul

Shops:
D:7 (

Annotations:
D:7 1 runed translucent door, Crazy Yiuf


Innate Abilities, Weirdness & Mutations

You have a pair of horns on your head.
You reflexively headbutt those who attack you in melee.


Message History

Okay, then.
You feel better.
Throw: 12 darts (poison)
Press: ? - help, Q - select action, (/) - cycle Shift-Dir - straight line, f - orc knight
Aim: an orc knight, wielding a +0 war axe and wearing a +0 ring mail (55% to hit)
You throw a poisoned dart.
The poisoned dart barely misses the orc knight.
Throw: 11 darts (poison)
Press: ? - help, Q - select action, (/) - cycle Shift-Dir - straight line, f/p - orc knight
Aim: an orc knight, wielding a +0 war axe and wearing a +0 ring mail (55% to hit)
You throw a poisoned dart. The poisoned dart hits the orc knight.
The orc knight is poisoned.
You hit the orc knight but do no damage.
The orc knight hits you with a +0 war axe!!
The orc knight hits you with a +0 war axe.
You slash the orc knight! You headbutt the orc knight.
The orc knight is moderately wounded.
You block the orc knight's attack.
You hit the orc knight. You headbutt the orc knight.
The orc knight is moderately wounded.
The orc knight hits you but does no damage.
You hit the orc knight.
The orc knight is heavily wounded.
The orc knight hits you with a +0 war axe!
* * * LOW HITPOINT WARNING * * *
You hit the orc knight but do no damage.
The orc knight is heavily wounded.
The orc knight hits you but does no damage.
Unknown command.
You slash the orc knight!
The orc knight is severely wounded.
You block the orc knight's attack.
You closely miss the orc knight.
The orc knight is severely wounded.
The orc knight looks more healthy.
The orc knight hits you but does no damage.
You closely miss the orc knight.
The orc knight is severely wounded.
The orc knight hits you with a +0 war axe!!
You die...

≈≈≈≈≈≈...≈≈≈≈≈≈≈≈
##~~~~...~~~~####
#...........#
#####'''#####
#..(.....+
#..).))..+
#..#(.)..#
.....#o.)..#
#.8...#@....#
#.o...#######
#.8### #.. #.


You could see an orc knight.

Vanquished Creatures
  Pikel (D:4)
  Maggie (D:6)
  Prince Ribbit (D:5)
  2 orc warriors (Bailey)
  2 ice beasts
  A black bear (D:5)
  3 lemures (D:4)
  A phantom (D:7)
  A bullfrog (D:7)
  2 scorpions (D:5)
  5 wights (D:7)
  A howler monkey (D:5)
  4 hounds
  5 jellies
  3 orc priests
  An iguana (D:5)
  Natasha (thrice) (D:3)
  4 orc wizards
  8 adders
  3 gnolls
  2 white imps (D:5)
  3 ufetubi
  A worm (D:5)
  2 dart slugs (D:3)
  24 orcs
  7 endoplasms
  4 giant cockroaches
  11 goblins
  7 hobgoblins
  6 jackals
  3 quokkas
  7 ball pythons
  A bat (D:2)
  2 frilled lizards (D:1)
  6 kobolds
  2 rats (D:1)
140 creatures vanquished.

Vanquished Creatures (others)
  A plant (D:7)
1 creature vanquished.

Grand Total: 141 creatures vanquished

Notes
Turn   | Place    | Note
-------+----------+-------------------------------------------
     0 | D:1      | cowcol the Minotaur Fighter began the quest for the Orb.
     0 | D:1      | Reached XP level 1. HP: 19/19 MP: 0/0
   454 | D:1      | Reached XP level 2. HP: 27/27 MP: 1/1
   491 | D:1      | Found a faded altar of an unknown god.
   814 | D:1      | Reached skill level 3 in Axes
   951 | D:1      | Reached XP level 3. HP: 32/33 MP: 2/2
  2061 | D:3      | You fall into a shaft and drop 1 floor!
  2123 | D:3      | Noticed Natasha
  2132 | D:3      | Killed Natasha
  2133 | D:3      | Reached XP level 4. HP: 5/40 MP: 3/3
  2224 | D:3      | Noticed Natasha
  2419 | D:3      | Killed Natasha
  2420 | D:3      | Reached skill level 4 in Axes
  2473 | D:3      | Reached skill level 5 in Armour
  2539 | D:3      | Found a burning altar of Makhleb.
  2546 | D:3      | Reached XP level 5. HP: 47/47 MP: 4/4
  2637 | D:3      | Noticed Natasha
  2649 | D:3      | Killed Natasha
  3362 | D:4      | Noticed a lemure
  3362 | D:4      | Noticed a lemure
  3363 | D:4      | Noticed Pikel
  3363 | D:4      | Noticed a lemure
  3371 | D:4      | Noticed a lemure
  3384 | D:4      | Killed a lemure
  3388 | D:4      | Killed a lemure
  3390 | D:4      | Killed a lemure
  3398 | D:4      | Killed Pikel
  3399 | D:4      | Reached skill level 5 in Fighting
  3399 | D:4      | Reached skill level 7 in Axes
  3399 | D:4      | Reached XP level 6. HP: 17/56 MP: 5/5
  3399 | D:4      | Reached XP level 7. HP: 19/61 MP: 6/6
  4407 | D:5      | Entered Level 5 of the Dungeon
  4407 | D:5      | Found a basalt altar of Yredelemnul.
  5034 | D:5      | Reached skill level 8 in Axes
  5171 | D:5      | Reached XP level 8. HP: 57/70 MP: 5/7
  5772 | D:5      | Found a blossoming altar of Fedhas.
  6149 | D:5      | Found a white marble altar of Elyvilon.
  6258 | D:5      | Noticed Prince Ribbit
  6276 | D:5      | Killed Prince Ribbit
  6277 | D:5      | Reached skill level 9 in Axes
  6277 | D:5      | Reached skill level 1 in Throwing
  6778 | D:6      | Identified the ring of Salvation {rElec rF+ rN+ SInv}
  8604 | D:6      | Noticed Maggie
  8624 | D:6      | Killed Maggie
  8625 | D:6      | Reached skill level 10 in Axes
  8625 | D:6      | Reached XP level 9. HP: 41/78 MP: 4/8
  9523 | D:7      | Found Dediy's Hydra Hut.
  9525 | D:7      | Noticed a six-headed hydra
  9569 | D:7      | Found a broken altar of Ashenzari.
  9672 | D:7      | Found a runed translucent door.
  9673 | D:7      | Noticed Crazy Yiuf
  9821 | D:7      | Bought a +0 scimitar of flaming for 119 gold pieces
  9873 | D:7      | Found a snail-covered altar of Cheibriados.
  9886 | D:7      | Found a staircase to the Ecumenical Temple.
 10046 | D:7      | Found a flagged portal.
 10055 | Bailey   | Entered a bailey
 10588 | Bailey   | Reached skill level 11 in Axes
 10588 | Bailey   | Noticed an orc knight
 10602 | Bailey   | Slain by an orc knight

Illustrated notes

Levels and vault maps discovered:
D:1:      matt_arrival_grand_opening, layout_basic,
          hellmonk_ecumenical_altar_pennies_from_heaven,
          wander_ebering_terrifying_dragon_lair
D:2:      layout_loops_ring
D:3:      layout_loops_cross, overflow_temple_1_default, uniq_natasha
D:4:      layout_gridville, uniq_pikel
D:5:      layout_gridville, amcnicky_altar_gilded,
          mainiacjoe_overflow_catwalk_spiral, minivault_4, moated_statue,
          minmay_increasing_density, uniq_prince_ribbit1
D:6:      layout_basic, uniq_maggie
D:7:      layout_cave_pools, mainiacjoe_overflow_alcove_2,
          nicolae_ashenzari_skybound, minmay_temple_entry_arrows,
          enter_bailey_6, doesnt_shop_hydraphobe, uniq_crazy_yiuf_cottage
Bailey:   bailey_axe_of_yendor_kennysheep, bailey

Skill      XL: |  1  2  3  4  5  6  7  8  9 |
---------------+----------------------------+-----
Armour         | 4 5 6 8 9 |  9.6
Fighting       | 4 5 6 7 |  7.4
Axes           | 3 4 7 8 10 11 | 11.0
Throwing       | 2 |  2.0
Shields        | |  3.6

Action                   |  1- 3 |  4- 6 |  7- 9 || total
-------------------------+-------+-------+-------++-------
Melee: War axe           |    65 |    80 |   230 ||   375
       Headbutt          |    12 |     9 |    33 ||    54
Throw: Stone             |     4 |       |       ||     4
       Dart              |       |     1 |    37 ||    38
  Use: Potion            |     2 |     6 |     4 ||    12
       Scroll            |     4 |       |     6 ||    10
Armor: Scale mail        |    20 |    39 |    40 ||    99
       Chain mail        |       |       |    51 ||    51
Dodge: Dodged            |    28 |    45 |    72 ||   145
Block: Buckler           |    21 |    29 |     3 ||    53
       Kite shield       |       |       |    82 ||    82
